 Dungeon Crawl Stone Soup version 0.30.1-9-gdf580d7c3d (webtiles) character file.

Game seed: 9543862444560895650

6946 Ivernyr the Carver (level 11, -2/87 HPs)
             Began as a Formicid Fighter on Oct 12, 2023.
             Was a Follower of Wu Jian.
             Slain by a komodo dragon (16 damage)
             ... on level 1 of the Lair of Beasts.
             The game lasted 00:23:22 (10472 turns).

Ivernyr the Carver (Formicid Fighter)              Turns: 10472, Time: 00:23:23

Health: -2/87      AC: 15    Str: 22    XL:     11   Next: 28%
Magic:  11/11      EV:  9    Int:  7    God:    Wu Jian [*.....]
Gold:   460        SH:  7    Dex: 17    Spells: 10/10 levels left

rFire   + . .        a - +2 long sword (elec)
rCold   . . .        c - +0 buckler
rNeg    . . .        b - +0 scale mail
rPois   +            (helmet unavailable)
rElec   .            s - +2 cloak {rPois}
rCorr   .            j - +2 pair of gloves
SInv    +            (no boots)
Will    +....        (no amulet)
Stlth   x              - ring of protection from fire
HPRegen 0.34/turn    (no ring)
MPRegen 0.12/turn

%: no passive effects
@: no status effects
A: permanent stasis, dig shafts and tunnels, antennae 3, four strong arms
a: Dig, Shaft Self, Renounce Religion


You were on level 1 of the Lair of Beasts.
You worshipped Wu Jian.
Wu Jian was aware of your devotion.
You visited 3 branches of the dungeon, and saw 11 of its levels.
You also visited: Sewer and Ossuary.

You collected 499 gold pieces.
You spent 39 gold pieces at shops.

Inventory:

Hand Weapons
 a - a +2 long sword of electrocution (weapon)
Armour
 b - a +0 scale mail (worn)
 c - a +0 buckler (worn)
 j - a +2 pair of gloves (worn)
 s - a +2 cloak of poison resistance (worn)
Jewellery
 x - a ring of protection from fire (left hand)
Wands
 d - a wand of charming (10)
 v - a wand of flame (20)
 z - a wand of iceblast (2)
 A - a wand of mindburst (8)
Scrolls
 e - a scroll of silence {unknown}
 h - 6 scrolls of teleportation {unknown}
 i - 11 scrolls of identify {unknown}
 k - 2 scrolls of poison {unknown}
 o - a scroll of summoning {unknown}
 p - 3 scrolls of noise {unknown}
 r - 2 scrolls of fog {unknown}
 u - 2 scrolls of blinking {unknown}
 w - a scroll of amnesia {unknown}
 y - a scroll of enchant armour {unknown}
Potions
 f - 6 potions of haste
 g - a potion of brilliance
 l - 4 potions of flight {unknown}
 m - 7 potions of curing
 n - a potion of degeneration {unknown}
 q - 2 potions of attraction {unknown}
 t - 6 potions of heal wounds {unknown}


   Skills:
 + Level 8.8 Fighting
 * Level 10.8 Long Blades
 + Level 8.8 Armour
 + Level 10.5 Shields


You had 10 spell levels left.
You didn't know any spells.
Your spell library contained the following spells:

 Spells                   Type           Power      Damage    Failure   Level
 Slow                     Hex            0%         N/A       77%         1
 Cigotuvi's Dreadful Rot  Necr/Pois/Air  0%         N/A       88%         2
 Ensorcelled Hibernation  Hex/Ice        0%         N/A       88%         2
 Confusing Touch          Hex            0%         N/A       98%         3
 Ignite Poison            Fire/Tmut/Pois 0%         N/A       98%         3
 Spider Form              Tmut/Pois      0%         N/A       98%         3
 Vampiric Draining        Necr           0%         2d6       98%         3
 Anguish                  Hex/Necr       0%         N/A       100%        4
 Freezing Cloud           Conj/Ice/Air   0%         6-21      100%        5


Dungeon Overview and Level Annotations

Branches:
Dungeon (9/15)             Temple (1/1) D:6            Lair (1/5) D:8
  Sewer (visited)         Ossuary (visited)
    Orc: D:9-12

Altars:
Ashenzari
Cheibriados
Dithmenos
Elyvilon
Fedhas
Gozag
Hepliaklqana
Kikubaaqudgha
Makhleb
Nemelex Xobeh
Okawaru
Qazlal
Ru
Sif Muna
Trog
Uskayaw
Vehumet
Wu Jian
Xom
Zin

Shops:
D:2 [[:![   D:3 ?   D:5 [   D:7 !


Innate Abilities, Weirdness & Mutations

You cannot be hasted, slowed, berserked, paralysed or teleported.
You can dig through walls and to a lower floor.
You have a pair of large antennae on your head. (SInv)
Your four strong arms can wield two-handed weapons with a shield.


Message History

A komodo dragon comes into view.
The komodo dragon hisses angrily.
You lunge at the komodo dragon.
You hit the komodo dragon.
The komodo dragon is lightly wounded.
The komodo dragon bites you but does no damage.
You hit the komodo dragon but do no damage.
The komodo dragon is lightly wounded.
The komodo dragon bites you!!
You hit the komodo dragon but do no damage.
Lightning courses through the komodo dragon!
The komodo dragon is moderately wounded.
You block the komodo dragon's attack.
You hit the komodo dragon but do no damage.
The komodo dragon is moderately wounded.
The komodo dragon bites you!
You hit the komodo dragon but do no damage.
The komodo dragon is moderately wounded.
The komodo dragon bites you!!
You slash the komodo dragon!
The komodo dragon is heavily wounded.
You hit the komodo dragon.
The komodo dragon is severely wounded.
The komodo dragon bites you.
* * * LOW HITPOINT WARNING * * *
You hit the komodo dragon.
The komodo dragon is severely wounded.
The komodo dragon bites you!!
* * * LOW HITPOINT WARNING * * *
You feel better. The komodo dragon barely misses you.
You hit the komodo dragon but do no damage.
The komodo dragon is severely wounded.
The komodo dragon barely misses you.
You closely miss the komodo dragon.
The komodo dragon is severely wounded.
The komodo dragon bites you but does no damage.
You hit the komodo dragon.
Lightning courses through the komodo dragon!
The komodo dragon is almost dead.
The komodo dragon bites you!
You die...

#########.###
#...@l..$.... #
#.######.###. ### ##.#
..# #######..####.# ..#
#............... #[#
#.####.#..#....# #.#
##.# ###.#......#
#.###..# ..##.....# #
..#....####.#.#P.....#.#


You could see a komodo dragon.

Vanquished Creatures
  Gastronok (D:8)
  Maurice (D:8)
  2 cane toads (Lair:1)
  A komodo dragon (Lair:1)
  Grinder (D:6)
  Prince Ribbit (D:5)
  Sigmund (D:5)
  A shadow (D:8)
  A wyvern (Lair:1)
  4 yaks (Lair:1)
  Menkaure (D:6)
  Edmund (D:5)
  2 water moccasins (Lair:1)
  An ice beast (D:8)
  A sky beast (D:7)
  A black bear (D:4)
  An ogre (D:7)
  A centaur (D:6)
  2 phantoms
  2 elf zombies
  Blork the orc (D:6)
  3 bullfrogs
  2 elf skeletons (D:6)
  8 wights
  A crimson imp (D:8)
  2 centaur zombies (Ossuary)
  2 hounds
  5 jellies
  7 orc priests
  A gnoll bouda (D:7)
  2 sleepcaps
  2 human zombies (D:6)
  Ijyb (D:5)
  A human skeleton (D:6)
  2 iguanas
  9 orc wizards
  2 mummies (Ossuary)
  8 gnolls
  7 adders
  A river rat (Sewer)
  An adder zombie (Ossuary)
  A worm (D:2)
  3 dart slugs
  38 orcs
  10 endoplasms
  6 giant cockroaches
  7 goblins
  5 hobgoblins
  6 kobolds
  2 quokkas
  9 ball pythons
  5 bats
  8 frilled lizards
  2 goblin zombies (Ossuary)
  11 hobgoblin zombies (Ossuary)
  3 jackal zombies (Ossuary)
  6 kobold zombies (Ossuary)
  10 orc zombies (Ossuary)
  5 rats
  A rat zombie (Ossuary)
233 creatures vanquished.

Notes
Turn   | Place    | Note
-------+----------+-------------------------------------------
     0 | D:1      | Ivernyr the Formicid Fighter began the quest for the Orb.
     0 | D:1      | Reached XP level 1. HP: 18/18 MP: 1/1
   189 | D:1      | Reached XP level 2. HP: 24/24 MP: 2/2
   358 | D:1      | Reached XP level 3. HP: 26/29 MP: 3/3
   829 | D:2      | Found Yvual's Armour Shop.
   896 | D:2      | Found Wavea's Book Emporium.
  1138 | D:2      | Found Cuissis's Armour Shop.
  1157 | D:2      | Reached XP level 4. HP: 36/37 MP: 4/4
  1264 | D:2      | Found Uluimp's Distillery.
  1281 | D:2      | Found Neoll's Antique Armour Shoppe.
  1725 | D:3      | Reached XP level 5. HP: 12/42 MP: 5/5
  2018 | D:3      | Found The Oracle's Delphic Readings.
  2200 | D:4      | Reached skill level 5 in Shields
  2293 | D:4      | Reached XP level 6. HP: 47/48 MP: 6/6
  2371 | D:4      | Found an ancient bone altar of Kikubaaqudgha.
  2881 | D:4      | Noticed a black bear
  2898 | D:4      | Killed a black bear
  2899 | D:4      | Reached XP level 7. HP: 55/55 MP: 7/7
  3499 | D:5      | Entered Level 5 of the Dungeon
  3664 | D:5      | Identified the +8 dagger of Strategic Superiority {heavy,
                  | Str+4 Dex-5}
  3679 | D:5      | Noticed Ijyb
  3695 | D:5      | Killed Ijyb
  3696 | D:5      | Reached skill level 5 in Long Blades
  3794 | D:5      | Found a white marble altar of Elyvilon.
  3794 | D:5      | Found a glowing silver altar of Zin.
  3947 | D:5      | Reached skill level 5 in Fighting
  3949 | D:5      | Reached skill level 5 in Armour
  4032 | D:5      | Found Cifid's Armour Shop.
  4052 | D:5      | Found a shadowy altar of Dithmenos.
  4157 | D:5      | Noticed Sigmund
  4175 | D:5      | Killed Sigmund
  4176 | D:5      | Reached XP level 8. HP: 48/62 MP: 8/8
  4328 | D:5      | Noticed Edmund
  4351 | D:5      | Killed Edmund
  4782 | D:6      | Found a glowing drain.
  4787 | Sewer    | Entered a sewer
  4950 | Sewer    | Found a viscous altar of Jiyva.
  5145 | D:6      | Found a staircase to the Ecumenical Temple.
  5213 | D:6      | Found a sand-covered staircase.
  5222 | Ossuary  | Entered an ossuary
  5475 | Ossuary  | Reached XP level 9. HP: 69/69 MP: 9/9
  5767 | D:6      | Noticed Grinder
  5774 | D:6      | Noticed Prince Ribbit
  5845 | D:5      | Killed Prince Ribbit
  5855 | D:6      | Killed Grinder
  5951 | D:6      | Noticed Blork the orc
  5967 | D:6      | Killed Blork the orc
  6103 | D:6      | Noticed Menkaure
  6267 | D:6      | Killed Menkaure
  6645 | Temple   | Entered the Ecumenical Temple
  7317 | D:7      | Reached XP level 10. HP: 73/79 MP: 10/10
  7389 | D:7      | Found an ornate altar of the Wu Jian Council.
  7487 | D:7      | Found Apsuloo's Distillery.
  7535 | D:7      | Became a worshipper of the Wu Jian Council
  7910 | D:7      | Bought a potion of curing for 39 gold pieces
  8432 | D:8      | Noticed Maurice
  8453 | D:8      | Noticed Gastronok
  8461 | D:8      | Killed Maurice
  8587 | D:8      | Killed Gastronok
  8745 | D:8      | Found a staircase to the Lair.
  8777 | D:8      | Found a broken altar of Ashenzari.
  9022 | D:8      | Found a burning altar of Makhleb.
  9052 | D:8      | Reached skill level 10 in Long Blades
  9185 | D:8      | Found a hide-covered altar of Uskayaw.
  9267 | D:8      | Reached * piety under Wu Jian
  9383 | D:9      | Identified the +1 plate armour of Time Monsters {SInv
                  | Stlth+}
  9410 | D:9      | Noticed a two-headed ogre
  9598 | Lair:1   | Entered Level 1 of the Lair of Beasts
  9631 | Lair:1   | Reached skill level 10 in Shields
  9724 | Lair:1   | Noticed a cane toad
  9736 | Lair:1   | Killed a cane toad
  9737 | Lair:1   | Reached XP level 11. HP: 61/87 MP: 11/11
 10472 | Lair:1   | Slain by a komodo dragon

Illustrated notes

Levels and vault maps discovered:
D:1:      minmay_arrival_three_doors, layout_loops_ring,
          hangedman_abyss_or_decor_stabs, minmay_fountain_box
D:2:      layout_basic, serial_shops, nicolae_shop_statue_plus, shop, shop,
          shop, nicolae_shop_tiny_statue_garden
D:3:      layout_basic, nicolae_nh_oracle_at_delphi
D:4:      layout_layer_cave, overflow_temple_1_default
D:5:      layout_basic, grunt_dithmenos_smoke, mainiacjoe_overflow_divided_tiny,
          serial_shops, shop_statue, chequers_avenue, uniq_sigmund, uniq_ijyb,
          uniq_edmund
D:6:      nicolae_cairo_tiling_very_big, layout_basic, portal_sewer_entry_e,
          nicolae_ossuary_entry_catacombs, uniq_prince_ribbit1, uniq_grinder,
          uniq_menkaure, uniq_blork_the_orc
D:7:      layout_basic, pdpol_wu_jian_five_deadly_venoms, serial_shops,
          nicolae_shop_tiny_waterfront, chequers_serial_rivers_large_b
D:8:      layout_rooms, mainiacjoe_overflow_brackets, kennysheep_little_box,
          makhleb_grotto_becter, uniq_maurice, uniq_gastronok
D:9:      nzn_winding_woodlands_small [nzn_winding_woodlands_5x15_sawtooth,
          nzn_winding_woodlands_center_pierced_h,
          nzn_winding_woodlands_5x15_crooked], layout_basic, orc_0_dummy
Temple:   nicolae_temple_godzebo
Lair:1:   layout_loops_ring

Skill      XL: |  1  2  3  4  5  6  7  8  9 10 |
---------------+-------------------------------+-----
Long Blades    | 3 4 5 6 8 10 | 10.8
Armour         | 4 5 6 7 8 |  8.8
Fighting       | 4 5 6 7 8 |  8.8
Shields        | 5 6 7 8 10 | 10.5

Action                     |  1- 3 |  4- 6 |  7- 9 | 10-12 || total
---------------------------+-------+-------+-------+-------++-------
  Melee: Long sword        |    59 |   134 |   437 |   209 ||   839
         Scimitar          |    23 |       |       |       ||    23
Ability: Dig               |       |       |     1 |       ||     1
         Lunge             |       |       |       |    13 ||    13
    Use: Potion            |       |       |     2 |     2 ||     4
 Armour: Scale mail        |    28 |    67 |   180 |    48 ||   323
  Dodge: Dodged            |    41 |    57 |   157 |    66 ||   321
  Block: Buckler           |    28 |    38 |   106 |    51 ||   223
